 Dungeon Crawl Stone Soup version 0.21.1-1-g345015f (webtiles) character file.

291 Fang the Skirmisher (level 6, -4/39 HPs)
             Began as a Gargoyle Berserker on May 9, 2018.
             Was a Believer of Trog.
             Slain by a howler monkey (5 damage)
             ... on level 4 of the Dungeon.
             The game lasted 00:04:04 (3007 turns).

Fang the Skirmisher (Gargoyle Berserker)            Turns: 3007, Time: 00:04:05

Health: -4/39      AC:  6    Str: 22    XL:     6   Next: 32%
Magic:  6/6        EV: 12    Int:  8    God:    Trog [**....]
Gold:   138        SH:  0    Dex:  9    Spells: 5/5 levels left

rFire    . . .     SeeInvis .   a - +0 hand axe
rCold    . . .     Gourm    .   (no shield)
rNeg     + . .     Faith    .   b - +0 animal skin
rPois    ∞         Spirit   .   (no helmet)
rElec    +         Reflect  .   (no cloak)
rCorr    .         Harm     .   (no gloves)
MR       .....                  (no boots)
Stlth    ++........             (no amulet)
HPRegen  0.13/turn              (no ring)
MPRegen  0.10/turn              (no ring)

@: no status effects
A: negative energy resistance 1, electricity resistance, unbreathing,
petrification resistance, rot immunity, AC +4
a: Berserk, Trog's Hand, Burn Spellbooks, Renounce Religion


You were on level 4 of the Dungeon.
You worshipped Trog.
Trog was pleased with you.
You were near starving.

You visited 1 branch of the dungeon, and saw 4 of its levels.

You collected 138 gold pieces.

Inventory:

Hand Weapons
 a - a +0 hand axe (weapon)
Armour
 b - a +0 animal skin (worn)
Jewellery
 h - an uncursed ring of resist corrosion {unknown}
 l - an uncursed amulet of the gourmand {unknown}
 m - a cursed amulet of inaccuracy {unknown}
Scrolls
 f - 2 scrolls of identify {unknown}
 i - a scroll of fear {unknown}
 j - 5 scrolls of teleportation {unknown}
 k - 5 scrolls of remove curse {unknown}
 r - a scroll of immolation {unknown}
Potions
 d - 2 potions of curing {unknown}
 e - 3 potions of heal wounds {unknown}
 g - 2 potions of mutation {unknown}
 o - a potion of lignification {unknown}
 p - a potion of cancellation {unknown}
 q - a potion of degeneration {unknown}
Books
 n - a book of Changes

   Spells                             Type                      Level
   a - Beastly Appendage              Transmutation                1
   b - Sticks to Snakes               Transmutation                2
   c - Spider Form                    Transmutation/Poison         3
   d - Ice Form                       Ice/Transmutation            4
   e - Blade Hands                    Transmutation                5
   Trog disapproves of the use of such an item.
Comestibles
 c - 5 rations


   Skills:
 + Level 4.6 Fighting
 + Level 4.6 Axes
 + Level 2.4 Armour
 + Level 2.6 Dodging
 + Level 1.9 Stealth


You had 5 spell levels left.
You didn't know any spells.

Dungeon Overview and Level Annotations

Branches:
Dungeon (4/15)
 Temple: D:4-7

Altars:
Cheibriados
Fedhas
Nemelex Xobeh
Trog

Annotations:
D:4 Menkaure


Innate Abilities, Weirdness & Mutations

You are resistant to torment.
Your stone body is resilient. (AC +4)
You are immune to poison.
You resist negative energy. (rN+)
You are resistant to electric shocks. (rElec)
You can survive without breathing.
You are immune to petrification.
You are immune to rotting.


Message History

You hit Menkaure. The howler monkey barely misses you. Menkaure misses you.
You hit the howler monkey.
The howler monkey is heavily wounded.
You hit Menkaure. The howler monkey hits you. Menkaure hits you!
You are too injured to fight recklessly!
You are too injured to fight recklessly!
You are too injured to fight recklessly!
You're too hungry.
You hit Menkaure but do no damage.
Menkaure is moderately damaged.
You hit the howler monkey.
The howler monkey hoots and howls with incredible vigour!
Menkaure closely misses you. The howler monkey misses you.
Unknown command.
You hit Menkaure but do no damage.
Menkaure is moderately damaged.
You barely miss the howler monkey. Menkaure hits you!
* * * LOW HITPOINT WARNING * * *
The howler monkey hits you.
You die...

####............#...#.........
#............#...#.........
#............#...#.........
#............#...#......###
#.>..........#...#.....)#
#......#...#......#
#......#...#......#
#...Mh.#...# #...@..#...#
#......#...# #......#...#
#......#...# #......#...#
#......#..## #......#..#
#......#..# #......#..#


You could see Menkaure and a howler monkey.

Vanquished Creatures
  The ghost of rabel the Digger, an amateur GrEE (D:3)
  2 orc wizards (D:3)
  Terence (D:3)
  An iguana (D:4)
  5 adders
  A worm (D:3)
  A dart slug (D:2)
  A leopard gecko (D:3)
  7 orcs (D:3)
  A giant cockroach (D:2)
  6 goblins
  9 hobgoblins
  8 jackals (D:3)
  4 kobolds
  A quokka (D:2)
  A ball python (D:3)
  3 bats
  2 frilled lizards (D:2)
  7 rats
62 creatures vanquished.

Vanquished Creatures (others)
  A quokka (D:4)
1 creature vanquished.

Grand Total: 63 creatures vanquished

Notes
Turn   | Place    | Note
-------+----------+-------------------------------------------
     0 | D:1      | Fang the Gargoyle Berserker began the quest for the Orb.
     0 | D:1      | Reached XP level 1. HP: 14/14 MP: 1/1
   322 | D:1      | Reached XP level 2. HP: 20/20 MP: 2/2
   455 | D:1      | You fall through a shaft!
   754 | D:2      | Reached XP level 3. HP: 24/24 MP: 3/3
   785 | D:2      | Found a bloodstained altar of Trog.
   878 | D:2      | Reached ** piety under Trog
   903 | D:2      | Found a blossoming altar of Fedhas.
  1080 | D:2      | Reached XP level 4. HP: 21/29 MP: 4/4
  1378 | D:1      | Found a sparkling altar of Nemelex Xobeh.
  1568 | D:3      | Reached skill level 1 in Stealth
  1572 | D:3      | Reached XP level 5. HP: 10/33 MP: 5/5
  1936 | D:3      | Found a snail-covered altar of Cheibriados.
  1939 | D:3      | Noticed rabel's ghost (amateur GrEE)
  1943 | D:3      | Noticed Terence
  1953 | D:3      | Killed rabel's ghost
  1957 | D:3      | Killed Terence
  1957 | D:3      | Reached XP level 6. HP: 19/39 MP: 6/6
  2741 | D:4      | Found a sparkling altar of Nemelex Xobeh.
  2999 | D:4      | Noticed Menkaure
  3007 | D:4      | HP: 1/39 [Menkaure (17)]
  3007 | D:4      | Slain by a howler monkey

Skill      XL: |  1  2  3  4  5 |
---------------+----------------+-----
Axes           | 3 4 |  4.6
Fighting       | 4 |  4.6
Dodging        | 2 |  2.6
Stealth        | 1 |  1.9
Armour         | |  2.4

Action                   |  1- 3 |  4- 6 || total
-------------------------+-------+-------++-------
Melee: Hand axe          |    77 |   132 ||   209
Invok: Berserk           |       |     2 ||     2
 Stab: Sleeping          |     1 |     2 ||     3
  Eat: Chunk             |       |     7 ||     7
Armor: Animal skin       |    18 |    41 ||    59
Dodge: Dodged            |    52 |    90 ||   142
